 Dungeon Crawl Stone Soup version 0.29-a0-925-g0a7a3d12f8 (webtiles) character file.

Game seed: 4078697676725424557

154 IdlyInterested the Cudgeller (level 5, -9/39 HPs)
             Began as a Demonspawn Gladiator on July 28, 2022.
             Mangled by a gnoll
             ... wielding a +0 flail
              (10 damage)
             ... on level 4 of the Dungeon.
             The game lasted 00:08:08 (3010 turns).

IdlyInterested the Cudgeller (Demonspawn Gladiator) Turns: 3010, Time: 00:08:08

Health: -9/39      AC: 14    Str: 14    XL:     5   Next: 13%
Magic:  14/14      EV:  7    Int:  9    God:
Gold:   157        SH:  0    Dex: 15    Spells: 4/4 levels left

rFire   . . .      SeeInvis +   n - +4 mace "Pueggit" {flame, rElec rPois MP+9}
rCold   . . .      Faith    .   (no shield)
rNeg    . . .      Spirit   .   g - +4 chain mail of Bucial Penuc {SInv}
rPois   +          Reflect  .   c - +0 helmet
rElec   +          Harm     .   k - +0 cloak
rCorr   .          Rampage  .   (no gloves)
Will    .....                   (no boots)
Stlth   ..........              (no amulet)
HPRegen 0.13/turn               (no ring)
MPRegen 0.14/turn               (no ring)

@: no status effects
A: demonic guardian 2, weak 1, MP-powered wands
a: no special abilities


You were on level 4 of the Dungeon.
You visited 1 branch of the dungeon, and saw 4 of its levels.

You collected 157 gold pieces.

Inventory:

Hand Weapons
 a - a +1 flail of freezing
 h - a +0 dire flail
 n - the +4 mace "Pueggit" (weapon) {flame, rElec rPois MP+9}
   (You found it on level 3 of the Dungeon)

   It burns those it strikes, dealing additional fire damage.
   rElec:     It insulates you from electricity.
   rPois:     It protects you from poison.
   MP:        It affects your magic capacity (+9).
Missiles
 d - 3 throwing nets (quivered)
 e - a javelin
Armour
 c - a +0 helmet (worn)
 g - the +4 chain mail of Bucial Penuc (worn) {SInv}
   (You acquired it on level 2 of the Dungeon)

   SInv:      It lets you see invisible.
 k - a +0 cloak (worn)
Magical Staves
 j - a staff of air
Wands
 m - a wand of light (10)
Scrolls
 b - a scroll of enchant weapon
Potions
 f - 3 potions of ambrosia
 i - a potion of berserk rage
 l - a potion of mutation
 o - a potion of heal wounds {unknown}


   Skills:
 + Level 2.6 Fighting
 * Level 4.3 Maces & Flails
 - Level 2.0 Throwing
 - Level 1.0 Armour
 - Level 3.0 Dodging
 - Level 1.0 Stealth
 - Level 1.0 Evocations


You had 4 spell levels left.
You didn't know any spells.
Your spell library was empty.

Dungeon Overview and Level Annotations

Branches:
Dungeon (4/15)
 Temple: D:4-7

Altars:


Innate Abilities, Weirdness & Mutations

A demonic guardian rushes to your aid.
You are weak. (Str -2)
You expend magic power (3 MP) to strengthen your wands.


Message History

There is an escape hatch in the floor here.
You slide downwards.
The hatch slams shut behind you.
Okay, then.
Okay, then.
A gnoll comes into view. It is wielding a +0 flail.
Found a scroll of identify.
The gnoll shouts!
You hear a shout! x2
A gnoll comes into view. It is wielding a +0 halberd.
The gnoll shouts! 2 gnolls come into view.
A gnoll is wielding a +0 vorpal spear.
The gnoll shouts! x2
The gnoll hits you but does no damage.
You hit the gnoll. You burn the gnoll.
The gnoll is moderately wounded.
The gnoll hits you but does no damage.
You barely miss the gnoll.
The gnoll is moderately wounded.
The gnoll throws a throwing net.
The throwing net hits you.
You become entangled in the net!
The gnoll hits you but does no damage. The gnoll hits you with a +0 flail.
You struggle against the net.
The gnoll hits you with a +0 flail. The gnoll barely misses you.
You struggle against the net.
The gnoll hits you but does no damage. x2
The gnoll hits you from afar with a +0 halberd.
The gnoll hits you but does no damage.
You struggle against the net.
The gnoll hits you from afar with a +0 vorpal spear.
The gnoll hits you but does no damage.
The gnoll hits you from afar with a +0 halberd.
The gnoll hits you but does no damage.
You struggle against the net.
The gnoll hits you with a +0 flail!
The gnoll hits you from afar with a +0 vorpal spear.
* * * LOW HITPOINT WARNING * * *
x2 The gnoll hits you but does no damage. x2
You rip the net and break free!
The gnoll hits you with a +0 club.
* * * LOW HITPOINT WARNING * * *
The gnoll hits you from afar with a +0 halberd!
* * * LOW HITPOINT WARNING * * *
A demonic guardian appears!
The gnoll hits you with a +0 flail!
You die...

#............###
...#.............#
................####
...................#
...................#
.............###...#
.........4....##.###
.....g.g...#..####
......g@...####
.....g......#
.......#...?.#
#......##....#
#.#.... ##..## #
##### ####


You could see 4 gnolls and a friendly ice devil (summoned).

Vanquished Creatures
  Terence (D:3)
  7 adders
  2 worms (D:2)
  2 dart slugs
  An orc (D:3)
  5 endoplasms
  3 giant cockroaches
  6 goblins
  2 hobgoblins (D:3)
  3 jackals (D:4)
  3 quokkas
  8 ball pythons
  3 bats
  2 frilled lizards
  5 kobolds
  5 rats
58 creatures vanquished.

Notes
Turn   | Place    | Note
-------+----------+-------------------------------------------
     0 | D:1      | IdlyInterested the Demonspawn Gladiator began the quest for
                  | the Orb.
     0 | D:1      | Reached XP level 1. HP: 16/16 MP: 1/1
   122 | D:1      | Reached skill level 1 in Stealth
   330 | D:1      | Gained mutation: A weak demonic guardian rushes to your
                  | aid. [demonic ancestry]
   330 | D:1      | Reached XP level 2. HP: 22/22 MP: 2/2
   366 | D:1      | Reached skill level 1 in Evocations
   397 | D:1      | Reached skill level 3 in Maces & Flails
   846 | D:2      | Reached skill level 1 in Armour
   846 | D:2      | Reached XP level 3. HP: 14/27 MP: 3/3
  1133 | D:2      | Identified a scroll of acquirement
  1133 | D:2      | Acquired the +4 chain mail of Bucial Penuc {SInv}
  1727 | D:2      | Reached XP level 4. HP: 33/33 MP: 4/4
  1902 | D:2      | Found a faded altar of an unknown god.
  1976 | D:3      | Noticed Terence
  1992 | D:3      | Killed Terence
  1993 | D:3      | Reached skill level 4 in Maces & Flails
  2039 | D:3      | Gained mutation: You are weak. (Str -2) [potion of
                  | mutation]
  2039 | D:3      | Gained mutation: You expend magic power (3 MP) to
                  | strengthen your wands. [potion of mutation]
  2512 | D:3      | Identified the +4 mace "Pueggit" {flame, rElec rPois MP+9}
  2892 | D:4      | Gained mutation: A demonic guardian rushes to your aid.
                  | [demonic ancestry]
  2892 | D:4      | Reached XP level 5. HP: 39/39 MP: 5/5
  3010 | D:4      | HP: 1/39 [gnoll/+0 halberd (8)]
  3010 | D:4      | Mangled by a gnoll

Illustrated notes

Levels and vault maps discovered:
D:1:      denvon_arrival_hothouse, layout_basic
D:2:      layout_basic, shapermc_ecumenical_altar_pompeii
D:3:      layout_loops_ring, uniq_terence
D:4:      layout_cave_pools, mainiacjoe_overflow_boulevard, kennysheep_mini,
          minmay_misc_feat_ornament

Skill      XL: |  1  2  3  4 |
---------------+-------------+-----
Stealth        | 1 |  1.0
Evocations     | 1 |  1.0
Maces & Flails | 3 4 |  4.3
Armour         | 1 |  1.0
Throwing       | 2 |  2.0
Dodging        | 3 |  3.0
Fighting       | |  2.6

Action                   |  1- 3 |  4- 6 || total
-------------------------+-------+-------++-------
Melee: Flail             |   105 |    40 ||   145
       Punch             |     1 |       ||     1
       Mace              |       |    34 ||    34
       Dire flail        |       |     7 ||     7
  Use: Scroll            |     4 |     3 ||     7
       Potion            |       |     1 ||     1
 Stab: Sleeping          |     2 |       ||     2
Armor: Leather armour    |    16 |       ||    16
       Chain mail        |    21 |    76 ||    97
Dodge: Dodged            |    60 |    38 ||    98

Table legend: (Time is in decaauts)
 A = Elapsed time spent in this place.
 B = Non-inter-level travel time spent in this place.
 C = Inter-level travel time spent in this place.
 D = Time resting spent in this place.
 E = Time spent auto-exploring this place.
 F = Levels seen in this place.
 G = Mean time per level.
                   A        B        C        D        E       F      G
               +--------+--------+--------+--------+--------+-----+--------+
         Total |   3051 |   2727 |    324 |    636 |   1465 |   4 |  762.8 |
       Dungeon |   3051 |   2727 |    324 |    636 |   1465 |   4 |  762.8 |
               +--------+--------+--------+--------+--------+-----+--------+

Top non-repeatable levels by time:
     D:2: 1049 daAuts
     D:1: 969 daAuts
     D:3: 954 daAuts
     D:4: 78 daAuts
